 Dungeon Crawl Stone Soup version 0.19.0 (webtiles) character file.

5012 Eucla the Destroyer (level 10, -2/55 HPs)
             Began as a Felid Wizard on Nov 19, 2016.
             Was a Believer of Vehumet.
             Killed from afar by a rime drake (20 damage)
             ... with a flash freeze
             ... on level 1 of the Lair of Beasts.
             The game lasted 00:41:37 (15409 turns).

Eucla the Destroyer (Felid Wizard)                 Turns: 15409, Time: 00:41:38

Health: -2/55      AC: 30    Str:  3    XL:     10   Next: 29%
Magic:  15/24      EV:  4    Int: 23    God:    Vehumet [**....]
Gold:   360        SH:  0    Dex: 19    Spells: 8 memorised, 9 levels left
                                        Lives:  0   Deaths: 2

rFire  . . .     SeeInvis +     (weapon unavailable)
rCold  . . .     Gourm    .     (armour unavailable)
rNeg   + + +     Faith    .     (shield unavailable)
rPois  +         Spirit   .     (helmet unavailable)
rElec  .         Reflect  +     (cloak unavailable)
rCorr  .         Harm     .     (gloves unavailable)
MR     +....     NoTele   +     (boots unavailable)
Stlth  +.........               u - +3 amulet of reflection
                                p - +5 ring of protection
                                j - +4 ring of dexterity

@: confused, tree-form, repel missiles
A: no armour, no weapons or thrown items, stealth, (claws 0), (fangs 0), see
invisible, carnivore 3, (speed 0), (shaggy fur 0), slow metabolism 1, (sharp
paws)
a: Renounce Religion


You were on level 1 of the Lair of Beasts.
You worshipped Vehumet.
Vehumet was pleased with you.
You were not hungry.
You were a tree.
You visited 2 branches of the dungeon, and saw 12 of its levels.

You collected 465 gold pieces.
You spent 105 gold pieces at shops.

Inventory:

Jewellery
 c - a cursed ring of teleportation {unknown}
 j - a +4 ring of dexterity (left branch)
 l - an uncursed ring of positive energy
 p - a +5 ring of protection (right branch)
 s - a cursed amulet of inaccuracy {unknown}
 u - a +3 amulet of reflection (around neck)
Wands
 g - a wand of enslavement (10/24)
 h - a wand of iceblast (8/15)
 v - a wand of iceblast (9/15)
 y - a wand of disintegration (12/24)
 H - a wand of random effects (7/48)
Scrolls
 b - a scroll of blinking
 f - 7 scrolls of teleportation
 i - 3 scrolls of remove curse
 A - a scroll of fear
 D - a scroll of identify
 E - a scroll of recharging
 G - 2 scrolls of brand weapon
Potions
 d - 3 potions of curing
 e - 2 potions of might {unknown}
 k - a potion of flight {unknown}
 m - 2 potions of lignification
 o - 2 potions of ambrosia
 r - 3 potions of agility
 t - a potion of cancellation {unknown}
 w - a potion of heal wounds {unknown}
 z - a potion of invisibility {unknown}
 B - 2 potions of brilliance {unknown}
Books
 a - a book of Minor Magic

   Spells                             Type                      Level
   a - Magic Dart                     Conjuration                  1
   b - Blink                          Translocation                2
   c - Call Imp                       Summoning                    2
   d - Repel Missiles                 Charms/Air                   2
   e - Slow                           Hexes                        2
   f - Conjure Flame                  Conjuration/Fire             3
   g - Mephitic Cloud                 Conjuration/Poison/Air       3
 n - a book of Cantrips

   Spells                             Type                      Level
   a - Confusing Touch                Hexes                        1
   b - Animate Skeleton               Necromancy                   1
   c - Summon Small Mammal            Summoning                    1
   d - Apportation                    Translocation                1
 F - a book of Death

   Spells                             Type                      Level
   a - Corpse Rot                     Necromancy                   2
   b - Sublimation of Blood           Necromancy                   2
   c - Agony                          Necromancy                   5
   d - Dispel Undead                  Necromancy                   5
   e - Excruciating Wounds            Charms/Necromancy            5
   f - Bolt of Draining               Conjuration/Necromancy       5
Miscellaneous
 C - a phial of floods
 I - a phantom mirror
Comestibles
 q - a meat ration
 x - 10 royal jellies


   Skills:
 - Level 3.2 Dodging
 - Level 2.6 Stealth
 + Level 9.4 Spellcasting
 * Level 12.2 Conjurations
   Level 1.0 Summonings
 + Level 0.8 Necromancy
 - Level 6.0 Translocations
 - Level 5.1 Fire Magic


You had 9 spell levels left.
You knew the following spells:

 Your Spells              Type           Power        Failure   Level  Hunger
a - Magic Dart            Conj           ####         1%          1    None
b - Bolt of Draining      Conj/Necr      #####.....   14%         5    ####...
c - Blink                 Tloc           N/A          1%          2    None
d - Conjure Flame         Conj/Fire      ######..     1%          3    None
e - Mephitic Cloud        Conj/Pois/Air  ####....     4%          3    None
f - Repel Missiles        Chrm/Air       ##....       12%         2    None
g - Flame Tongue          Conj/Fire      #####        1%          1    None
h - Apportation           Tloc           #####.....   1%          1    None


Dungeon Overview and Level Annotations

Branches:
Dungeon (11/15)            Temple (0/1) D:6            Lair (1/6) D:11
    Orc: D:9-12

Altars:
Ashenzari
Elyvilon
Fedhas
Hepliaklqana
Kikubaaqudgha
Nemelex Xobeh
Okawaru
Ru
Sif Muna
Uskayaw
Vehumet
The Shining One

Shops:
D:4 ==?   D:10 [

Annotations:
D:2 exclusion: oklob plant


Innate Abilities, Weirdness & Mutations

You cannot wear armour.
You are incapable of wielding weapons or throwing items.
Your paws allow you to move quietly. (Stealth)
((You have sharp claws.))
((You have razor-sharp teeth.))
You have supernaturally acute eyesight. (SInv)
You are carnivorous and can eat meat at any time.
((You cover ground quickly.))
((You are covered in thick fur. (AC +2)))
You have a slow metabolism.
((Your sharp claws are effective at attacking unaware monsters.))


Message History

The flash freeze hits you!
Ouch! That really hurt!
* * * LOW HITPOINT WARNING * * *
You are encased in ice.
Casting: Flame Tongue
Confirm with . or Enter, or press ? or * to list all spells.
You don't have enough magic to cast that spell.
You turn into a tree.
Your roots penetrate the ground.
You are confused.
You feel invigorated.
You are more confused.
You feel more invigorated.
A rime drake is nearby!
Unknown command.
A rime drake is nearby!
Unknown command.
The ice encasing you melts away. The rime drake breathes ice at you.
The flash freeze hits you!
You die...

.........†......)...#
#..................#
#..................##
####.####...........#
## #..........##
#.......##.#
##.....#.####
#......#.P.#
##....♣....#
#........##
......k....#
........##.#
.........# ..#
.......... ..#
......... ..#
......... .P


You could see a rime drake.

Vanquished Creatures
  A hydra (Lair:1)
  An unseen horror (D:11)
  2 hill giants (D:10)
  Pikel (D:7)
  The ghost of gg19 the Frost Mage, a novice DEIE of Vehumet (D:8)
  An ugly thing (D:11)
  A cyclops (D:11)
  Maurice (D:8)
  2 spiny frogs (Lair:1)
  A centaur skeleton (D:10)
  Prince Ribbit (D:6)
  3 hippogriffs
  2 fire bats (Lair:1)
  A steam dragon (D:11)
  A mottled dragon (D:11)
  Menkaure (D:7)
  A porcupine (Lair:1)
  A water moccasin (D:10)
  2 black bears
  3 orc warriors
  3 ice beasts
  2 phantoms (D:5)
  4 ogres
  A crocodile (D:10)
  4 centaurs
  2 bullfrogs
  A gnoll sergeant (D:11)
  4 scorpions
  8 wights
  3 howler monkeys
  4 crimson imps
  3 hounds
  3 bullfrog zombies
  3 jellies (D:8)
  3 orc priests
  Crazy Yiuf (D:7)
  3 iguanas
  2 bullfrog skeletons
  5 orc wizards
  9 worker ants
  A killer bee zombie (D:9)
  2 hound skeletons
  A worker ant zombie (D:11)
  Robin (D:3)
  13 adders
  11 gnolls
  2 shadow imps (D:6)
  8 oozes
  An adder skeleton (D:5)
  2 worms
  2 dart slugs
  3 leopard geckos
  27 orcs
  15 bats
  9 giant cockroaches
  12 goblins
  10 hobgoblins
  6 jackals
  10 kobolds
  4 quokkas
  3 ball pythons
  5 frilled lizards
  2 leopard gecko skeletons
  A quokka skeleton (D:4)
  A quokka zombie (D:6)
  4 rats
252 creatures vanquished.

Vanquished Creatures (collateral kills)
  An orc warrior (D:7)
  An orc (D:7)
2 creatures vanquished.

Vanquished Creatures (others)
  A manticore (D:11)
  A bullfrog skeleton (D:8)
  2 fungi
  A plant (D:2)
5 creatures vanquished.

Grand Total: 259 creatures vanquished

Notes
Turn   | Place    | Note
-------+----------+-------------------------------------------
     0 | D:1      | Eucla the Felid Wizard began the quest for the Orb.
     0 | D:1      | Reached XP level 1. HP: 7/7 MP: 5/5
    29 | D:1      | Reached skill level 1 in Conjurations
   282 | D:1      | Reached XP level 2. HP: 10/11 MP: 0/7
   289 | D:1      | Learned a level 2 spell: Call Imp
   292 | D:1      | Learned a level 2 spell: Blink
  1024 | D:1      | Reached XP level 3. HP: 14/14 MP: 0/8
  1143 | D:1      | Reached skill level 2 in Conjurations
  1218 | D:1      | Learned a level 3 spell: Conjure Flame
  1449 | D:2      | Found an iron altar of Okawaru.
  1538 | D:2      | Found a hide-covered altar of Uskayaw.
  1545 | D:2      | Noticed a hand axe
  1546 | D:2      | Noticed a hand axe
  1911 | D:2      | Found a blossoming altar of Fedhas.
  1934 | D:2      | Noticed an oklob plant
  2017 | D:2      | Reached XP level 4. HP: 15/18 MP: 2/10
  2747 | D:3      | Reached skill level 3 in Conjurations
  3551 | D:3      | Noticed Robin
  3584 | D:2      | Reached XP level 5. HP: 7/21 MP: 0/11
  3785 | D:2      | Learned a level 3 spell: Mephitic Cloud
  4015 | D:3      | Killed Robin
  4701 | D:4      | Found Jatzogg's Jewellery Shoppe.
  4745 | D:4      | Reached skill level 4 in Conjurations
  4767 | D:4      | Found Vaodoj's Jewellery Shoppe.
  4907 | D:4      | Found Peabb's Magic Scroll Shop.
  4916 | D:4      | Bought a scroll of blinking for 105 gold pieces
  4933 | D:4      | Gained mutation: You are covered in thick fur. (AC +2) [Felid growth]
  4933 | D:4      | Reached XP level 6. HP: 24/24 MP: 2/13
  5465 | D:4      | Reached skill level 5 in Conjurations
  5543 | D:4      | Reached XP level 7. HP: 27/27 MP: 10/15
  5678 | D:4      | Reached skill level 5 in Spellcasting
  5935 | D:5      | Entered Level 5 of the Dungeon
  5935 | D:5      | Found a white marble altar of Elyvilon.
  6056 | D:5      | Reached skill level 6 in Conjurations
  6192 | D:5      | Learned a level 2 spell: Repel Missiles
  6694 | D:5      | Reached XP level 8. HP: 31/31 MP: 11/17
  6797 | D:5      | Found a radiant altar of Vehumet.
  6951 | D:5      | Became a worshipper of Vehumet
  6999 | D:5      | Reached skill level 7 in Conjurations
  7217 | D:6      | Found a sacrificial altar of Ru.
  7358 | D:6      | Noticed Prince Ribbit
  7379 | D:6      | Killed Prince Ribbit
  7688 | D:6      | Reached skill level 8 in Conjurations
  7694 | D:6      | Found a staircase to the Ecumenical Temple.
  7937 | D:6      | Found a faded altar of an unknown god.
  7937 | D:6      | Found a faded altar of an unknown god.
  7942 | D:6      | Found an ancient bone altar of Kikubaaqudgha.
  7944 | D:6      | Found a faded altar of an unknown god.
  8040 | D:6      | Found a faded altar of an unknown god.
  8290 | D:6      | Found a deep blue altar of Sif Muna.
  8438 | D:7      | Reached XP level 9. HP: 34/34 MP: 2/20
  8693 | D:7      | Reached skill level 9 in Conjurations
  8860 | D:7      | Noticed Pikel
  8875 | D:7      | Killed Pikel
  8923 | D:7      | Found a runed door.
  9645 | D:7      | Reached * piety under Vehumet
  9645 | D:7      | Offered knowledge of Flame Tongue by Vehumet.
  9645 | D:7      | Reached skill level 10 in Conjurations
  9648 | D:7      | Learned a level 1 spell: Flame Tongue
  9650 | D:7      | Learned a level 1 spell: Apportation
  9740 | D:7      | Found a shattered altar of Ashenzari.
  9884 | D:7      | Found a glowing golden altar of the Shining One.
  9884 | D:7      | Noticed Menkaure
  9888 | D:7      | Killed Menkaure
 10060 | D:7      | Noticed Crazy Yiuf
 10072 | D:7      | Killed Crazy Yiuf
 10072 | D:7      | Reached skill level 1 in Fire Magic
 10233 | D:8      | Noticed Maurice
 10252 | D:8      | Killed Maurice
 10568 | D:8      | Found a sparkling altar of Nemelex Xobeh.
 10569 | D:8      | Noticed gg19's ghost (novice DEIE)
 10587 | D:8      | Reached XP level 10. HP: 33/37 MP: 5/23
 10829 | D:8      | Killed gg19's ghost
 11560 | D:9      | Offered knowledge of Sandblast by Vehumet.
 11979 | D:9      | HP: 1/37 [vampire (6)]
 11983 | D:10     | Entered Level 10 of the Dungeon
 12455 | D:10     | Found a hazy altar of Hepliaklqana.
 12471 | D:10     | Reached ** piety under Vehumet
 12619 | D:10     | Killed from afar by a steam dragon
 12620 | D:10     | Reached XP level 9. HP: -19/34 MP: 19/22
 12811 | D:10     | Reached skill level 5 in Translocations
 13030 | D:10     | Reached skill level 11 in Conjurations
 13059 | D:10     | Found Fosatuh's Antique Armour Shoppe.
 13259 | D:11     | Noticed a hill giant
 13295 | D:10     | Killed a hill giant
 13425 | D:10     | Noticed a hill giant
 13470 | D:10     | Killed a hill giant
 13470 | D:10     | Reached XP level 10. HP: 17/37 MP: 10/23
 13647 | D:11     | Noticed a manticore
 13660 | D:11     | Killed a manticore
 13879 | D:11     | Noticed a cyan ugly thing
 13906 | D:11     | Killed a cyan ugly thing
 14220 | D:11     | Noticed an unseen horror
 14220 | D:11     | Noticed a cyclops
 14284 | D:11     | Killed a cyclops
 14350 | D:11     | Killed an unseen horror
 14495 | D:11     | Found a staircase to the Lair.
 14508 | D:11     | Noticed a red ugly thing
 14533 | Lair:1   | Entered Level 1 of the Lair of Beasts
 14863 | Lair:1   | Noticed a six-headed hydra
 14879 | Lair:1   | Slain by a six-headed hydra
 14880 | Lair:1   | Reached XP level 9. HP: 0/34 MP: 12/23
 14884 | Lair:1   | Killed a six-headed hydra
 14884 | Lair:1   | Reached skill level 12 in Conjurations
 14884 | Lair:1   | Reached XP level 10. HP: 37/37 MP: 21/24
 15133 | Lair:1   | Noticed a spiny frog
 15140 | Lair:1   | Killed a spiny frog
 15140 | Lair:1   | Reached skill level 5 in Fire Magic
 15317 | Lair:1   | Noticed a spiny frog
 15354 | Lair:1   | Learned a level 5 spell: Bolt of Draining
 15360 | Lair:1   | Noticed a spiny frog
 15368 | Lair:1   | Killed a spiny frog
 15409 | Lair:1   | Killed from afar by a rime drake

Skill      XL: |  1  2  3  4  5  6  7  8  9 10 |
---------------+-------------------------------+-----
Conjurations   | 1 2 3 4 5 6 8 12 | 12.2
Dodging        | 3 |  3.2
Spellcasting   | 4 5 6 8 9 |  9.4
Fire Magic     | 2 5 |  5.1
Translocations | 6 4 |  6.0
Stealth        | |  2.6
Summonings     | |  1.0
Necromancy     | |  0.8

Action                   |  1- 3 |  4- 6 |  7- 9 | 10-12 || total
-------------------------+-------+-------+-------+-------++-------
Melee: Unarmed           |    46 |    68 |    46 |     1 ||   161
       Bite              |     2 |     7 |     6 |       ||    15
 Cast: Magic Dart        |   133 |   210 |   403 |    60 ||   806
       Conjure Flame     |       |     3 |    13 |    11 ||    27
       Blink             |       |     1 |     1 |       ||     2
       Mephitic Cloud    |       |     5 |    15 |     9 ||    29
       Repel Missiles    |       |       |     2 |       ||     2
       Flame Tongue      |       |       |    69 |   222 ||   291
       Bolt of Draining  |       |       |       |     5 ||     5
Evoke: Wand              |       |       |     1 |       ||     1
  Use: Scroll            |       |     7 |    10 |     6 ||    23
       Potion            |       |     1 |       |     3 ||     4
 Stab: Confused          |       |     4 |     1 |       ||     5
       Sleeping          |       |     1 |       |       ||     1
  Eat: Chunk             |     1 |       |    10 |     1 ||    12
       Meat ration       |       |     1 |       |     1 ||     2
       Beef jerky        |       |       |       |     1 ||     1
Armor: Skin              |     9 |     3 |    27 |    21 ||    60
Dodge: Dodged            |    70 |    86 |   142 |    99 ||   397
       Deflected         |       |       |     2 |     1 ||     3
Block: Other             |       |       |    13 |    10 ||    23
       Reflection        |       |       |     2 |     1 ||     3
